BR
ATLANTIC CITY WAR DOGS @ WATERTOWN HEADHUNTERS
09/05/2026
 
TOP OF THE 1ST
Boise White Sox batting - Pitching for Watertown Headhunters : RHP Wyatt Anderson
Pitching: RHP Wyatt Anderson
Batting: RHB Armando Vega 0-0: Ball
1-0: DOUBLE (Groundball, 5L)
Batting: RHB Don Miller 0-0: SINGLE (Line Drive, 34D)
Armando Vega to third
Runner from 3rd tries for Home, SAFE, no throw or cutoff
Batting: SHB Norberto Muñóz 0-0: Ball
1-0: 2-RUN HOME RUN (Flyball, 9LD), Distance : 359 ft
Batting: RHB Armando Bernard 0-0: Ball
1-0: Ball
2-0: Ball
3-0: Called Strike
3-1: SOLO HOME RUN (Flyball, 78XD), Distance : 434 ft
Batting: RHB Bennie McGrath 0-0: Called Strike
0-1: Foul Ball, location: 2F
0-2: Ball
1-2: Strikes out looking
Batting: RHB Pascal Bolzoni 0-0: Ball
1-0: Ground out 5-3 (Groundball, 5S)
Batting: RHB Pancho Reyna 0-0: Ball
1-0: Called Strike
1-1: Ball
2-1: Ball
3-1: SINGLE (Groundball, 6MD)
Batting: RHB Jason Nava 0-0: Swinging Strike
0-1: Ball
1-1: Foul Ball, location: 2F
1-2: Fielders Choice at 2nd, 5-4 (Groundball, 5)
Top of the 1st over - 4 run(s), 5 hit(s), 0 error(s), 0 left on base; Boise 4 - Watertown 0
BOTTOM OF THE 1ST
Watertown Headhunters batting - Pitching for Boise White Sox : LHP Jason Reece
Pitching: LHP Jason Reece
Batting: RHB Daniel Martínez 0-0: Called Strike
0-1: Ball
1-1: Ball
2-1: Foul Ball, location: 2F
2-2: Ball
3-2: Strikes out swinging
Batting: RHB Ira Ross 0-0: Ground out 6-3 (Groundball, 6M)
Batting: RHB Luis Quezada 0-0: Called Strike
0-1: Ground out 6-3 (Groundball, 6M)
Bottom of the 1st over - 0 run(s), 0 hit(s), 0 error(s), 0 left on base; Boise 4 - Watertown 0
TOP OF THE 2ND
Boise White Sox batting - Pitching for Watertown Headhunters : RHP Wyatt Anderson
Batting: RHB Don Jackson 0-0: Called Strike
0-1: Swinging Strike
0-2: Ball
1-2: Strikes out looking
Batting: RHB Armando Vega 0-0: Called Strike
0-1: Swinging Strike
0-2: Foul Ball, location: 2F
0-2: Strikes out swinging
Batting: RHB Don Miller 0-0: Foul Ball, location: 2F
0-1: Ball
1-1: Called Strike
Single, Error in OF, E8, batter to second base
Batting: SHB Norberto Muñóz 0-0: Foul Ball, location: 2F
0-1: Ball
1-1: Ball
2-1: Foul Ball, location: 2F
2-2: Ball
3-2: Fly out, F8 (Flyball, 78M)
Top of the 2nd over - 0 run(s), 1 hit(s), 1 error(s), 1 left on base; Boise 4 - Watertown 0
BOTTOM OF THE 2ND
Watertown Headhunters batting - Pitching for Boise White Sox : LHP Jason Reece
Batting: LHB Wally Harris 0-0: Ball
1-0: Foul Ball, location: 2F
1-1: SINGLE (Groundball, 5S) (infield hit)
Batting: LHB Burt Ward 0-0: Ball
1-0: DOUBLE (Line Drive, 3L)
Wally Harris to third
Batting: LHB Jorge Luna 0-0: Ground out 4-3 (Groundball, 34)
Wally Harris scores
Burt Ward to third
Batting: RHB José Maldonado 0-0: Called Strike
0-1: SINGLE (Groundball, 34D)
Burt Ward scores
Batting: RHB Andrew Deal 0-0: Foul Ball, location: 2F
0-1: Ball
1-1: Ball
2-1: Reached on Error, E7 (Line Drive, 78S)
José Maldonado to second
Batting: RHB Joe Salas 0-0: Foul Ball, location: 2F
0-1: Foul Ball, location: 2F
0-2: Foul Ball, location: 2F
0-2: Foul Ball, location: 2F
0-2: Grounds into double play, 4-6-3 (Groundball, 4)
Bottom of the 2nd over - 2 run(s), 3 hit(s), 1 error(s), 1 left on base; Boise 4 - Watertown 2
TOP OF THE 3RD
Boise White Sox batting - Pitching for Watertown Headhunters : RHP Wyatt Anderson
Batting: RHB Armando Bernard 0-0: Called Strike
0-1: Foul Ball, location: 2F
0-2: Strikes out swinging
Batting: RHB Bennie McGrath 0-0: Ball
1-0: Called Strike
1-1: Called Strike
1-2: Ball
2-2: Foul Ball, location: 2F
2-2: Strikes out swinging
Batting: RHB Pascal Bolzoni 0-0: Called Strike
0-1: Ball
1-1: Ball
2-1: Ground out 1-3 (Groundball, 13S)
Top of the 3rd over - 0 run(s), 0 hit(s), 0 error(s), 0 left on base; Boise 4 - Watertown 2
BOTTOM OF THE 3RD
Watertown Headhunters batting - Pitching for Boise White Sox : LHP Jason Reece
Batting: RHB Daniel Martínez 0-0: Ball
1-0: Ball
2-0: Called Strike
2-1: Ball
3-1: Fly out, F4 (Line Drive, 4)
Batting: RHB Ira Ross 0-0: Ball
1-0: Called Strike
1-1: Ball
2-1: SINGLE (Line Drive, 6M)
Batting: RHB Luis Quezada 0-0: Foul Ball, location: 2F
0-1: Called Strike
0-2: Strikes out swinging
Batting: LHB Wally Harris 0-0: Called Strike
0-1: Ball
1-1: Foul Ball, location: 2F
1-2: Ball
2-2: Ball
3-2: SINGLE (Groundball, 4)
Ira Ross to second
Ira Ross to third
Batting: LHB Burt Ward 0-0: Called Strike
0-1: Foul Ball, location: 2F
0-2: Ball
1-2: Ball
2-2: Ball
3-2: Foul Ball, location: 2F
3-2: 3-RUN HOME RUN (Flyball, 8RXD), Distance : 452 ft
Batting: LHB Jorge Luna 0-0: Ball
1-0: Ball
2-0: Ball
3-0: Called Strike
3-1: Ground out 1-3 (Groundball, 23)
Bottom of the 3rd over - 3 run(s), 3 hit(s), 0 error(s), 0 left on base; Boise 4 - Watertown 5
TOP OF THE 4TH
Boise White Sox batting - Pitching for Watertown Headhunters : RHP Wyatt Anderson
Batting: RHB Pancho Reyna 0-0: Called Strike
0-1: Ball
1-1: Ball
2-1: Ball
3-1: Base on Balls
Batting: RHB Jason Nava 0-0: Ball
1-0: Foul Ball, location: 2F
1-1: Called Strike
1-2: Strikes out swinging
Batting: RHB Don Jackson 0-0: Swinging Strike
0-1: Called Strike
0-2: Strikes out swinging
Batting: RHB Armando Vega 0-0: Called Strike
0-1: Foul Ball, location: 2F
0-2: Ball
1-2: Foul Ball, location: 2F
1-2: Strikes out swinging
Top of the 4th over - 0 run(s), 0 hit(s), 0 error(s), 1 left on base; Boise 4 - Watertown 5
BOTTOM OF THE 4TH
Watertown Headhunters batting - Pitching for Boise White Sox : LHP Jason Reece
Batting: RHB José Maldonado 0-0: Called Strike
0-1: Called Strike
0-2: Ball
1-2: Ball
2-2: Ball
3-2: Foul Ball, location: 2F
3-2: Foul Ball, location: 2F
3-2: Foul Ball, location: 2F
3-2: Base on Balls
Batting: RHB Andrew Deal 0-0: Called Strike
0-1: Ball
1-1: Ball
2-1: Reached on error, E5 (Groundball, 56)
José Maldonado to second
Batting: RHB Joe Salas 0-0: Foul Ball, location: 2F
0-1: Foul Ball, location: 2F
0-2: Ball
1-2: Ball
2-2: Foul Ball, location: 2F
2-2: Strikes out swinging
Batting: RHB Daniel Martínez 0-0: Called Strike
José Maldonado steals 3rd base
Andrew Deal to second
0-1: Ball
1-1: Foul Ball, location: 2F
1-2: SINGLE (Groundball, 6MD)
José Maldonado scores
Andrew Deal to third
Runner from 3rd tries for Home, SAFE, no throw or cutoff
Batting: RHB Ira Ross 0-0: Fly out, F9 (Flyball, 89D)
Pitching: RHP Mauro Martínez
Batting: RHB Luis Quezada 0-0: Called Strike
0-1: Fly out, F9 (Flyball, 9LM)
Bottom of the 4th over - 2 run(s), 1 hit(s), 1 error(s), 1 left on base; Boise 4 - Watertown 7
TOP OF THE 5TH
Boise White Sox batting - Pitching for Watertown Headhunters : RHP Wyatt Anderson
Batting: RHB Don Miller 0-0: Ball
1-0: Ground out 5-3 (Groundball, 56S)
Batting: SHB Norberto Muñóz 0-0: Called Strike
0-1: Ball
1-1: Ball
2-1: Swinging Strike
2-2: Strikes out looking
Batting: RHB Armando Bernard 0-0: Called Strike
0-1: Ball
1-1: Swinging Strike
1-2: Strikes out swinging
Top of the 5th over - 0 run(s), 0 hit(s), 0 error(s), 0 left on base; Boise 4 - Watertown 7
BOTTOM OF THE 5TH
Watertown Headhunters batting - Pitching for Boise White Sox : RHP Mauro Martínez
Batting: LHB Wally Harris 0-0: Swinging Strike
0-1: Ball
1-1: Swinging Strike
1-2: Strikes out swinging
Batting: LHB Burt Ward 0-0: Ball
1-0: Ball
2-0: Ball
3-0: Called Strike
3-1: Called Strike
3-2: Ground out 4-3 (Groundball, 4)
Batting: LHB Jorge Luna 0-0: Called Strike
0-1: Called Strike
0-2: Ball
1-2: Ball
2-2: Foul Ball, location: 2F
2-2: Ball
3-2: Fly out, F8 (Flyball, 8LM)
Bottom of the 5th over - 0 run(s), 0 hit(s), 0 error(s), 0 left on base; Boise 4 - Watertown 7
TOP OF THE 6TH
Boise White Sox batting - Pitching for Watertown Headhunters : RHP Wyatt Anderson
Pitching: LHP Michael Stewart
Batting: RHB Bennie McGrath 0-0: Ball
1-0: SINGLE (Groundball, 34)
Batting: RHB Pascal Bolzoni 0-0: Called Strike
0-1: Ground out 5-3 (Groundball, 56S)
Bennie McGrath to second
Batting: RHB Pancho Reyna 0-0: Ball
1-0: Called Strike
1-1: Ball
2-1: SINGLE (Groundball, 56D)
Bennie McGrath to third
Runner from 3rd tries for Home, SAFE, throw made home
Batting: RHB Jason Nava 0-0: Ball
1-0: Ball
2-0: Called Strike
2-1: SINGLE (Groundball, 6MD)
Pancho Reyna to second
Batting: RHB Don Jackson 0-0: Ball
1-0: Fly out, F9 (Flyball, 9M)
Batting: RHB Armando Vega 0-0: Ground out 4-3 (Groundball, 4)
Top of the 6th over - 1 run(s), 3 hit(s), 0 error(s), 2 left on base; Boise 5 - Watertown 7
BOTTOM OF THE 6TH
Watertown Headhunters batting - Pitching for Boise White Sox : RHP Mauro Martínez
Batting: RHB José Maldonado 0-0: Called Strike
0-1: SOLO HOME RUN (Flyball, 89XD), Distance : 439 ft
Batting: RHB Andrew Deal 0-0: Ball
1-0: DOUBLE (Line Drive, 9LM)
Batting: RHB Joe Salas 0-0: Called Strike
0-1: Ball
1-1: Swinging Strike
1-2: Ground out 4-3 (Groundball, 4)
Andrew Deal to third
Batting: RHB Daniel Martínez 0-0: Intentional Walk
Batting: RHB Ira Ross 0-0: Ball
1-0: Foul Ball, location: 2F
1-1: Foul Ball, location: 2F
1-2: Ball
2-2: SINGLE (Line Drive, 8LS)
Andrew Deal scores
Daniel Martínez to second
Batting: RHB Luis Quezada 0-0: Ball
1-0: Swinging Strike
1-1: Ball
2-1: Fly out, F3 (Popup, 34S)
Batting: LHB Wally Harris 0-0: Swinging Strike
0-1: Swinging Strike
0-2: Ball
1-2: Foul Ball, location: 2F
1-2: Fielders Choice at 2nd, 6-4 (Groundball, 6MS)
Bottom of the 6th over - 2 run(s), 3 hit(s), 0 error(s), 1 left on base; Boise 5 - Watertown 9
TOP OF THE 7TH
Boise White Sox batting - Pitching for Watertown Headhunters : LHP Michael Stewart
Batting: RHB Don Miller 0-0: Called Strike
0-1: Ball
1-1: Ball
2-1: Ground out 4-3 (Groundball, 34S)
Batting: SHB Norberto Muñóz 0-0: Foul Ball, location: 2F
0-1: Foul Ball, location: 2F
0-2: Ball
1-2: Ball
2-2: SINGLE (Line Drive, 9LS)
Batting: RHB Armando Bernard 0-0: Foul Ball, location: 2F
0-1: Foul Ball, location: 2F
0-2: Ball
1-2: Strikes out looking
Batting: RHB Bennie McGrath 0-0: Called Strike
0-1: Fly out, F9 (Flyball, 89M)
Top of the 7th over - 0 run(s), 1 hit(s), 0 error(s), 1 left on base; Boise 5 - Watertown 9
BOTTOM OF THE 7TH
Watertown Headhunters batting - Pitching for Boise White Sox : RHP Mauro Martínez
Pitching: RHP Pedro Luque
Batting: LHB Burt Ward 0-0: Swinging Strike
0-1: Swinging Strike
0-2: Fly out, F6 (Popup, 6MS)
Batting: LHB Jorge Luna 0-0: Called Strike
0-1: Called Strike
0-2: Strikes out swinging
Batting: RHB José Maldonado 0-0: Foul Ball, location: 2F
Single, Error in OF, E8, batter to second base
Batting: RHB Andrew Deal 0-0: Ball
1-0: Foul Ball, location: 2F
1-1: Ball
2-1: Foul Ball, location: 2F
2-2: Ball
3-2: Base on Balls
Batting: RHB Joe Salas 0-0: Called Strike
0-1: Ground out 1-3 (Groundball, 13)
Bottom of the 7th over - 0 run(s), 1 hit(s), 1 error(s), 2 left on base; Boise 5 - Watertown 9
TOP OF THE 8TH
Boise White Sox batting - Pitching for Watertown Headhunters : LHP Michael Stewart
Pitching: RHP Gilberto Tolcunaga
Batting: RHB Pascal Bolzoni 0-0: Ball
1-0: Ball
2-0: Ground out 1-3 (Groundball, 15S)
Batting: RHB Pancho Reyna 0-0: Ball
1-0: Ball
2-0: SINGLE (Line Drive, 78S)
Batting: RHB Jason Nava 0-0: Called Strike
0-1: Swinging Strike
0-2: Strikes out looking
Batting: RHB Don Jackson 0-0: Swinging Strike
0-1: SINGLE (Line Drive, 89M)
Pancho Reyna to second
Pitching: RHP Bob Howe
Batting: RHB Armando Vega 0-0: Ball
1-0: Foul Ball, location: 2F
1-1: Foul Ball, location: 2F
1-2: 3-RUN HOME RUN (Flyball, 78XD), Distance : 429 ft
Batting: RHB Don Miller 0-0: Swinging Strike
0-1: SINGLE (Line Drive, 8LS)
Pinch Hitting: LHB Randy Wiggins 0-0: Ball
1-0: Foul Ball, location: 2F
1-1: SINGLE (Line Drive, 9S)
Don Miller to second
Runner from 2nd tries for 3rd, SAFE, no throw or cutoff
Pinch Hitting: LHB Jorge Martínez 0-0: Fly out, F8 (Flyball, 8LM)
Top of the 8th over - 3 run(s), 5 hit(s), 0 error(s), 2 left on base; Boise 8 - Watertown 9
BOTTOM OF THE 8TH
Watertown Headhunters batting - Pitching for Boise White Sox : RHP Pedro Luque
Now at SS: Dennis House
Now in RF: Jorge Martínez
Batting: RHB Daniel Martínez 0-0: Ball
1-0: Ball
2-0: Ground out 1-3 (Groundball, 15)
Batting: RHB Ira Ross 0-0: Called Strike
0-1: Swinging Strike
0-2: Hit by Pitch
Pinch Hitting: LHB Robin Jamieson 0-0: Fly out, F9 (Flyball, 89M)
Batting: LHB Wally Harris 0-0: Fly out, F7 (Flyball, 7M)
Bottom of the 8th over - 0 run(s), 0 hit(s), 0 error(s), 1 left on base; Boise 8 - Watertown 9
TOP OF THE 9TH
Boise White Sox batting - Pitching for Watertown Headhunters : RHP Bob Howe
Pitching: RHP Roberto Marino
Now at 2B: Robin Jamieson
Pinch Hitting: SHB António Ramos 0-0: Called Strike
0-1: SOLO HOME RUN (Flyball, 89XD), Distance : 423 ft
Batting: RHB Pascal Bolzoni 0-0: Ball
1-0: Foul Ball, location: 2F
1-1: Foul Ball, location: 2F
1-2: Foul Ball, location: 2F
1-2: Ball
2-2: SINGLE (Line Drive, 78S)
Batting: RHB Pancho Reyna 0-0: Ball
1-0: Called Strike
1-1: Swinging Strike
1-2: Strikes out looking
Pinch Hitting: RHB Marcos Liñares 0-0: Ball
1-0: Ball
2-0: Fly out, F9 (Flyball, 9M)
Batting: RHB Don Jackson 0-0: Called Strike
Pascal Bolzoni is caught stealing 2nd base
Top of the 9th over - 1 run(s), 2 hit(s), 0 error(s), 0 left on base; Boise 9 - Watertown 9
BOTTOM OF THE 9TH
Watertown Headhunters batting - Pitching for Boise White Sox : RHP Pedro Luque
Pitching: RHP Juan Figueroa
Now at C: Bill Spence
Now at 2B: Marcos Liñares
Batting: LHB Burt Ward 0-0: Ground out 4-3 (Groundball, 4)
Pinch Hitting: RHB Luis Montoya 0-0: Foul Ball, location: 2F
0-1: Ball
1-1: Called Strike
1-2: Ball
2-2: Ball
3-2: Base on Balls
Batting: RHB José Maldonado 0-0: Called Strike
0-1: Foul Ball, location: 2F
0-2: Strikes out swinging
Pinch Hitting: RHB Dave Boom 0-0: Ball
1-0: Foul Ball, location: 2F
1-1: Hit by Pitch
Luis Montoya to second
Pinch Hitting: RHB Millard Walker 0-0: Ball
1-0: Ball
2-0: Fly out, F9 (Flyball, 9S)
Bottom of the 9th over - 0 run(s), 0 hit(s), 0 error(s), 2 left on base; Boise 9 - Watertown 9
TOP OF THE 10TH
Boise White Sox batting - Pitching for Watertown Headhunters : RHP Roberto Marino
Now at 1B: Millard Walker
Now in LF: Luis Montoya
Now in RF: Dave Boom
Batting: RHB Don Jackson 0-0: SINGLE (Groundball, 6MD)
Batting: RHB Armando Vega 0-0: Ball
1-0: Bunted foul
1-1: Sac Bunt - play at first, batter OUT! 1-4
Don Jackson to second
Pinch Hitting: RHB Jorge Barrios 0-0: Intentional Walk
Pinch Hitting: RHB Robert Koremans 0-0: Called Strike
0-1: Ball
Wild Pitch!
Don Jackson to third
Jorge Barrios to second
1-1: Fly out, F3 (Popup, 3SF)
Batting: LHB Jorge Martínez 0-0: Intentional Walk
Batting: RHB Bill Spence 0-0: Ball
1-0: Ball
2-0: Ball
3-0: Base on Balls
Don Jackson scores
Jorge Barrios to third
Jorge Martínez to second
Batting: RHB Pascal Bolzoni 0-0: Ball
1-0: Ball
2-0: Ball
3-0: Base on Balls
Jorge Barrios scores
Jorge Martínez to third
Bill Spence to second
Pitching: RHP Drake Johnston
Batting: RHB Pancho Reyna 0-0: Ball
1-0: GRAND SLAM HOME RUN (Line Drive, 78XD), Distance : 430 ft
Pitching: LHP Dan Brown
Batting: RHB Marcos Liñares 0-0: Ball
1-0: Called Strike
1-1: Ball
2-1: Fly out, F9 (Flyball, 9M)
Top of the 10th over - 6 run(s), 2 hit(s), 0 error(s), 0 left on base; Boise 15 - Watertown 9
BOTTOM OF THE 10TH
Watertown Headhunters batting - Pitching for Boise White Sox : RHP Juan Figueroa
Now at 1B: Jorge Barrios
Now at SS: Clarence Harrison
Batting: RHB Daniel Martínez 0-0: Foul Ball, location: 2F
0-1: Foul Ball, location: 2F
0-2: Strikes out looking
Batting: RHB Ira Ross 0-0: Ball
1-0: Fly out, F8 (Flyball, 78S)
Batting: LHB Robin Jamieson 0-0: Ball
1-0: SINGLE (Groundball, 25) (infield hit)
Batting: LHB Wally Harris 0-0: Swinging Strike
0-1: Called Strike
0-2: Ball
1-2: Foul Ball, location: 2F
1-2: Strikes out swinging
Bottom of the 10th over - 0 run(s), 1 hit(s), 0 error(s), 1 left on base; Boise 15 - Watertown 9
Monday, December 5th, 2016 - OOTP Baseball 17.12 Build 75